 Dungeon Crawl Stone Soup version 0.20.2-3-g29329e0561 (webtiles) character file.

4317 Alfie the Slicer (level 10, -2/86 HPs)
             Began as a Hill Orc Fighter on Aug 31, 2022.
             Slain by a death knight
             ... wielding a cursed -3 battleaxe
              (22 damage)
             ... on level 9 of the Dungeon.
             The game lasted 00:18:55 (5810 turns).

Alfie the Slicer (Hill Orc Fighter)                 Turns: 5810, Time: 00:18:56

Health: -2/86      AC: 13    Str: 23    XL:     10   Next: 33%
Magic:  10/10      EV: 10    Int:  8    God:
Gold:   248        SH: 12    Dex: 10    Spells: 9/9 levels left

rFire    . . .     SeeInvis .   a - +2 rapier
rCold    . . .     Gourm    .   c - +1 shield
rNeg     . . .     Faith    .   b - +1 scale mail
rPois    .         Spirit   .   (no helmet)
rElec    .         Reflect  .   K - +0 cloak
rCorr    .         Harm     .   k - +2 pair of gloves
MR       .....                  (no boots)
Stlth    ..........             (no amulet)
Regen    0.3/turn               (no ring)
MPRegen  0.2/turn               (no ring)

@: no status effects
A: no striking features
a: no special abilities


You were on level 9 of the Dungeon.
You were not hungry.

You visited 1 branch of the dungeon, and saw 9 of its levels.

You collected 248 gold pieces.

Inventory:

Hand Weapons
 a - a +2 rapier (weapon)
Missiles
 o - 9 tomahawks (quivered)
Armour
 b - a +1 scale mail (worn)
 c - a +1 shield (worn)
 k - a +2 pair of gloves (worn)
 K - a +0 cloak (worn)
Jewellery
 p - an uncursed ring of positive energy
 B - a +2 ring of dexterity
 D - an uncursed ring of magical power {unknown}
Wands
 r - a wand of flame (40/48)
 y - a wand of scattershot (9/9)
 C - a wand of iceblast (1/15)
Scrolls
 m - 3 scrolls of teleportation
 q - a scroll of random uselessness
 t - a scroll of fear {unknown}
 v - a scroll of fog
 z - a scroll of recharging
 G - 4 scrolls of remove curse
 I - a scroll of identify
Potions
 d - 3 potions of might
 e - 2 potions of curing {unknown}
 g - 2 potions of heal wounds {unknown}
 i - 2 potions of flight
 j - a potion of agility {unknown}
 l - a potion of magic {unknown}
 n - 2 potions of degeneration {unknown}
 w - a potion of haste {unknown}
 x - a potion of brilliance {unknown}
 A - 3 potions of lignification {unknown}
 E - a potion of ambrosia {unknown}
 F - a potion of invisibility {unknown}
 J - a potion of resistance {unknown}
Books
 s - a book of Minor Magic

   Spells                             Type                      Level
   a - Magic Dart                     Conjuration                  1
   b - Blink                          Translocation                2
   c - Call Imp                       Summoning                    2
   d - Slow                           Hexes                        2
   e - Conjure Flame                  Conjuration/Fire             3
   f - Mephitic Cloud                 Conjuration/Poison/Air       3
 H - a book of Geomancy

   Spells                             Type                      Level
   a - Sandblast                      Earth                        1
   b - Passwall                       Transmutation/Earth          2
   c - Stone Arrow                    Conjuration/Earth            3
   d - Petrify                        Transmutation/Earth          4
   e - Lee's Rapid Deconstruction     Earth                        5
Comestibles
 f - 7 bread rations
 h - 5 royal jellies
 u - 3 meat rations


   Skills:
 + Level 7.2 Fighting
 + Level 9.4 Short Blades
 + Level 2.0 Throwing
 + Level 7.2 Armour
 + Level 3.1 Dodging
 + Level 1.2 Stealth
 + Level 8.1 Shields


You had 9 spell levels left.
You didn't know any spells.

Dungeon Overview and Level Annotations

Branches:
Dungeon (9/15)             Temple (0/1) D:4
   Lair: D:8-11         Orc: D:9-12

Altars:
Dithmenos
Okawaru
Xom
Yredelemnul
The Shining One

Shops:
D:4 }


Message History

The orc warrior moves out of view.
You block the death knight's attack.
You puncture the death knight!
The death knight is almost dead.
The death knight reflects your damage back at you!
The death knight's dark mirror aura disappears.
You hit the death knight but do no damage.
The death knight is almost dead.
The death knight barely misses you.
Your shield and scale mail prevent you from hitting the death knight.
The death knight is almost dead.
You hit the death knight but do no damage.
The death knight is almost dead.
The death knight hits you with a battleaxe!
* * * LOW HITPOINT WARNING * * *
An orc comes into view. It is wielding a club.
You barely miss the death knight.
The death knight is almost dead.
The orc shouts!
The death knight hits you with a battleaxe!!
You die...

#(. #..
#.# #.###
#.#.### o
#.)†..#
#((
#.#.###ho#
#.###Hu#
#.#@p#
#..###
#..### #..
.... #....
#....
#...#


You could see a death knight, a red ugly thing, a manticore, a hog, an orc
warrior and an orc.

Vanquished Creatures
  A two-headed ogre (D:8)
  The ghost of Alfie the Shield-Bearer, a novice HOFi (D:5)
  3 hogs (D:8)
  A yak (D:8)
  A human (D:8)
  A water moccasin (D:7)
  An ice beast (D:6)
  2 phantoms
  3 ogres
  4 centaurs
  A big kobold (D:7)
  2 bullfrogs
  A water moccasin skeleton (D:6)
  The ghost of Alfie the Skirmisher, a weakling HOFi (D:3)
  2 scorpions (D:5)
  5 wights (D:6)
  2 howler monkeys
  A crimson imp (D:6)
  4 bullfrog zombies
  2 hounds (D:5)
  2 centaur skeletons (D:6)
  A gnoll shaman (D:5)
  2 jellies
  A bullfrog skeleton (D:6)
  Ijyb (D:4)
  Jessica (D:2)
  5 worker ants
  An iguana (D:8)
  A hound zombie (D:6)
  A hound skeleton (D:4)
  A howler monkey zombie (D:7)
  2 howler monkey skeletons
  6 gnolls
  9 adders
  A shadow imp (D:5)
  An ooze (D:7)
  3 adder zombies
  2 adder skeletons
  4 worms
  2 dart slugs
  5 leopard geckos
  10 orcs
  2 ball pythons
  6 giant cockroaches
  3 goblins
  3 hobgoblins
  8 jackals
  8 kobolds
  A quokka (D:4)
  11 bats
  6 frilled lizards
  A leopard gecko zombie (D:6)
  A quokka skeleton (D:4)
  2 quokka zombies
  A rat (D:2)
154 creatures vanquished.

Notes
Turn   | Place    | Note
-------+----------+-------------------------------------------
     0 | D:1      | Alfie the Hill Orc Fighter began the quest for the Orb.
     0 | D:1      | Reached XP level 1. HP: 19/19 MP: 1/1
   112 | D:1      | Reached XP level 2. HP: 10/27 MP: 2/2
   628 | D:2      | Reached XP level 3. HP: 32/33 MP: 3/3
   773 | D:2      | Noticed Jessica
   787 | D:2      | Killed Jessica
   787 | D:2      | Reached skill level 3 in Short Blades
   787 | D:2      | Reached XP level 4. HP: 40/40 MP: 4/4
   941 | D:2      | Found a glowing golden altar of the Shining One.
   944 | D:2      | Noticed an angel
   952 | D:2      | Found a basalt altar of Yredelemnul.
   954 | D:2      | Noticed a profane servitor
  1174 | D:3      | Reached skill level 1 in Dodging
  1249 | D:3      | Reached XP level 5. HP: 46/46 MP: 5/5
  1405 | D:3      | Noticed Alfie's ghost (weakling HOFi)
  1432 | D:3      | Killed Alfie's ghost
  1736 | D:4      | Found a staircase to the Ecumenical Temple.
  1826 | D:4      | Reached skill level 4 in Short Blades
  1867 | D:4      | Reached XP level 6. HP: 48/53 MP: 6/6
  1960 | D:4      | Noticed Ijyb
  1991 | D:4      | Killed Ijyb
  2135 | D:4      | Found a shimmering altar of Xom.
  2293 | D:4      | Found Duddevve's Gadget Shop.
  2563 | D:5      | Entered Level 5 of the Dungeon
  2565 | D:5      | Found an iron altar of Okawaru.
  2681 | D:5      | Noticed Alfie's ghost (novice HOFi)
  2681 | D:5      | Reached XP level 7. HP: 60/60 MP: 7/7
  2703 | D:5      | Killed Alfie's ghost
  2703 | D:5      | Reached skill level 5 in Fighting
  2703 | D:5      | Reached skill level 5 in Short Blades
  2703 | D:5      | Reached skill level 5 in Armour
  2703 | D:5      | Reached skill level 5 in Shields
  2703 | D:5      | Reached XP level 8. HP: 43/68 MP: 8/8
  2783 | D:5      | Reached skill level 1 in Stealth
  2935 | D:5      | Reached skill level 6 in Short Blades
  3088 | D:5      | Reached skill level 1 in Throwing
  3319 | D:6      | Reached skill level 7 in Short Blades
  3460 | D:6      | Reached XP level 9. HP: 60/75 MP: 9/9
  3904 | D:6      | Reached skill level 8 in Short Blades
  4613 | D:7      | Found a shadowy altar of Dithmenos.
  4973 | D:8      | Reached XP level 10. HP: 64/84 MP: 10/10
  4975 | D:8      | Noticed a two-headed ogre
  4985 | D:8      | Killed a two-headed ogre
  4985 | D:8      | Reached skill level 9 in Short Blades
  5767 | D:9      | Noticed a death knight
  5771 | D:9      | Noticed a manticore
  5784 | D:9      | Noticed a red ugly thing
  5810 | D:9      | Slain by a death knight

Skill      XL: |  1  2  3  4  5  6  7  8  9 10 |
---------------+-------------------------------+-----
Fighting       | 4 5 6 7 |  7.2
Short Blades   | 3 4 5 7 8 9 |  9.4
Shields        | 4 5 6 7 8 |  8.1
Dodging        | 1 2 3 |  3.1
Armour         | 4 5 6 7 |  7.2
Stealth        | 1 |  1.2
Throwing       | 1 2 |  2.0

Action                   |  1- 3 |  4- 6 |  7- 9 | 10-12 || total
-------------------------+-------+-------+-------+-------++-------
Melee: Rapier            |   127 |   228 |   434 |    93 ||   882
Throw: Tomahawk          |       |       |    16 |     6 ||    22
  Use: Scroll            |     5 |    13 |     3 |       ||    21
  Eat: Fruit             |       |     5 |     2 |       ||     7
       Royal jelly       |       |     1 |       |       ||     1
       Bread ration      |       |       |     2 |       ||     2
Armor: Scale mail        |    71 |    93 |   121 |     7 ||   292
Dodge: Dodged            |    50 |    57 |   109 |    22 ||   238
Block: Shield            |    85 |    93 |   214 |    29 ||   421
